 Dungeon Crawl Stone Soup version 0.27-a0-1119-gbf574a6a6b (webtiles) character file.

Game seed: 17005757701662913168

222 Zeld the Chucker (level 5, -2/35 (36) HPs)
             Began as an Octopode Fighter on May 2, 2021.
             Slain by a wight
             ... wielding a +0 dagger
              (8 damage)
             ... on level 4 of the Dungeon.
             The game lasted 00:01:14 (1031 turns).

Zeld the Chucker (Octopode Fighter)                 Turns: 1031, Time: 00:01:14

HP:   -2/35 (36)    AC:  1    Str: 16    XL:     5   Next: 99%
MP:   5/5           EV: 11    Int: 11    God:
Gold: 14            SH:  8    Dex: 11    Spells: 4/4 levels left

rFire    . . .     SeeInvis .   a - +0 war axe
rCold    . . .     Faith    .   b - +0 kite shield
rNeg     . . .     Spirit   .   (helmet restricted)
rPois    .         Reflect  .   (no amulet)
rElec    .         Harm     .   (no ring)
rCorr    .         Rampage  .   (no ring)
Will     .....                  (no ring)
Stlth    ++........             (no ring)
HPRegen  0.11/turn              (no ring)
MPRegen  0.09/turn              (no ring)
                                (no ring)
                                (no ring)

@: lightly drained
A: almost no armour, amphibious, 8 rings, camouflage 1, gelatinous body 1,
(nimble swimmer 1), tentacles
a: no special abilities


You were on level 4 of the Dungeon.
You visited 1 branch of the dungeon, and saw 4 of its levels.

You collected 14 gold pieces.

Inventory:

Hand Weapons
 a - a +0 war axe (weapon)
Missiles
 d - 9 poisoned darts (quivered)
 f - 8 javelins
Armour
 b - a +0 kite shield (worn)
Scrolls
 c - a scroll of identify {unknown}
 e - a scroll of fear {unknown}


   Skills:
 - Level 3.2 Fighting
 - Level 2.3 Axes
 * Level 5.0 Throwing
 - Level 3.0 Dodging
 - Level 3.2 Shields


You had 4 spell levels left.
You didn't know any spells.
Your spell library contained the following spells:

 Spells                   Type           Power      Damage    Failure   Level
 Apportation              Tloc           0%         N/A       85%         1
 Inner Flame              Hex/Fire       0%         N/A       99%         3
 Portal Projectile        Hex/Tloc       0%         N/A       99%         3
 Summon Guardian Golem    Hex/Summ       0%         N/A       99%         3


Dungeon Overview and Level Annotations

Branches:
Dungeon (4/15)
 Temple: D:4-7

Altars:


Innate Abilities, Weirdness & Mutations

You cannot wear most types of armour.
You are amphibious.
You can wear up to eight rings at the same time.
Your skin changes colour to match your surroundings (Stealth+).
Your rubbery body absorbs attacks. (AC +1, EV +1)
((You are camouflaged near water. (Stealth+)))
You have tentacles for arms and can constrict up to eight enemies at once.


Message History

The magic dart hits you!
A wight comes into view. It is wielding a +0 dagger.
The orc wizard barely misses you.
The wight moves out of view.
You barely miss the orc wizard. Your grab misses the orc wizard.
The orc wizard hits you with a +0 dagger.
You closely miss the orc wizard. You grab the orc wizard.
You squeeze the orc wizard.
The orc wizard is moderately wounded.
You constrict the orc wizard.
The orc wizard hits you with a +0 dagger.
A wight comes into view. It is wielding a +2 short sword.
You block the orc wizard's attack.
You hit the orc wizard.
The orc wizard is severely wounded.
You barely miss the wight. You constrict the orc wizard.
You kill the orc wizard!
The wight hits you with a +0 dagger! You block the wight's attack.
Your Throwing skill increases to level 5!
Unknown command.
You are too injured to fight recklessly!
You are too injured to fight recklessly!
You are too injured to fight recklessly!
You closely miss the orc wizard. You grab the orc wizard.
You barely miss the wight. You constrict the orc wizard.
The wight hits you with a +0 dagger.
The orc wizard points at itself and mumbles some strange words.
The orc wizard flickers and vanishes!
Deactivating autopickup; reactivate with Ctrl-A.
The wight hits you with a +0 dagger.
* * * LOW HITPOINT WARNING * * *
You feel drained.
* * * LOW HITPOINT WARNING * * *
Something hits you.
* * * LOW HITPOINT WARNING * * *
You release your grip on something.
Something tries to affect you, but you resist.
You see here a +0 whip.
There is a stone staircase leading up here.
The wight hits you with a +0 dagger!
You die...

###### #### #....#
###########... #.##.####
#.............
#.#...#.###........##.#.
#.#.>....o..............
#.#........{............
####.#.#.#z###.......).....
#......#.#@# #.........#.##
###..###.#.# #.........#.#.
#### ##### ##############


You could see a wight and an orc wizard.

Vanquished Creatures
  Menkaure (D:4)
  3 orc wizards (D:4)
  An adder (D:2)
  An adder skeleton (D:4)
  A bat (D:2)
  2 endoplasms
  2 hobgoblins (D:4)
  2 jackals (D:2)
  3 ball pythons (D:2)
  A rat (D:2)
17 creatures vanquished.

Notes
Turn   | Place    | Note
-------+----------+-------------------------------------------
     0 | D:1      | Zeld the Octopode Fighter began the quest for the Orb.
     0 | D:1      | Reached XP level 1. HP: 16/16 MP: 1/1
     6 | D:1      | You fall into a shaft and drop 1 floor!
    12 | D:2      | Reached XP level 2. HP: 12/21 MP: 2/2
   444 | D:3      | Found a faded altar of an unknown god.
   470 | D:4      | Noticed Menkaure
   476 | D:4      | Killed Menkaure
   477 | D:4      | Reached skill level 4 in Throwing
   477 | D:4      | Reached XP level 3. HP: 22/26 MP: 3/3
   477 | D:4      | Reached XP level 4. HP: 26/31 MP: 4/4
   477 | D:4      | Reached XP level 5. HP: 30/36 MP: 5/5
   839 | D:4      | Identified Sif Muna's Compendium of the Quantum Oath
  1005 | D:4      | Reached skill level 5 in Throwing
  1031 | D:4      | Slain by a wight

Illustrated notes

Levels and vault maps discovered:
D:1:      dpeg_arrival_fog, layout_loops_ring, minmay_crystal_water
D:2:      layout_basic
D:3:      layout_loops_ring, zin_academy,
          hellmonk_ecumenical_altar_leap_of_faith, uniq_ijyb
D:4:      layout_basic, nicolae_tso_carved_into_rock,
          minmay_temple_entry_slanted, minmay_a_box_with_orc_wizards_in_it,
          uniq_menkaure

Skill      XL: |  1  2  3  4  5 |
---------------+----------------+-----
Throwing       | 4 5 |  5.0
Fighting       | |  3.2
Axes           | |  2.3
Dodging        | |  3.0
Shields        | |  3.2

Action                   |  1- 3 |  4- 6 || total
-------------------------+-------+-------++-------
Melee: War axe           |    19 |    17 ||    36
       Constrict         |     4 |     5 ||     9
       Tentacles         |     2 |     6 ||     8
  Use: Potion            |     1 |       ||     1
 Stab: Sleeping          |     2 |       ||     2
Armor: Skin              |     2 |       ||     2
Dodge: Dodged            |    13 |     4 ||    17
Block: Kite shield       |     5 |     9 ||    14

Table legend: (Time is in decaauts)
 A = Elapsed time spent in this place.
 B = Non-inter-level travel time spent in this place.
 C = Inter-level travel time spent in this place.
 D = Time resting spent in this place.
 E = Time spent auto-exploring this place.
 F = Levels seen in this place.
 G = Mean time per level.
                   A        B        C        D        E       F      G
               +--------+--------+--------+--------+--------+-----+--------+
         Total |   1053 |   1036 |     17 |    294 |    535 |   4 |  263.2 |
       Dungeon |   1053 |   1036 |     17 |    294 |    535 |   4 |  263.2 |
               +--------+--------+--------+--------+--------+-----+--------+

Top non-repeatable levels by time:
     D:4: 573 daAuts
     D:2: 429 daAuts
     D:3: 46 daAuts
     D:1: 4 daAuts
